 Dungeon Crawl Stone Soup version 0.28.0-45-g0d030f2227 (webtiles) character file.

Game seed: 17329959389803320368

4536 nickcage the Fighter (level 10, -7/81 HPs)
             Began as a Djinni Fire Elementalist on Apr 12, 2022.
             Was a Follower of Nemelex Xobeh.
             Hit by a large rock thrown by a cyclops (9 damage)
             ... on level 11 of the Dungeon.
             The game lasted 00:37:22 (11866 turns).

nickcage the Fighter (Djinni Fire Elementalist)    Turns: 11866, Time: 00:37:23

Health: -7/81      AC: 11    Str:  7    XL:     10   Next: 66%
Gold:   416        EV: 14    Int: 21    God:    Nemelex Xobeh [*.....] SH:  5 Dex: 17

rFire   + + +      SeeInvis .   c - +8 dagger "Xeasi" {elec, *Corrode Will+ MP+9 Dex+3}
rCold   x . .      Faith    .   (no shield)
rNeg    . . .      Spirit   .   I - +0 steam dragon scales
rPois   ∞          Reflect  +   w - +1 hat
rElec   .          Harm     .   m - +0 cloak
rCorr   .          Rampage  .   (no gloves)
Will    ++...                   (boots unavailable)
Stlth   ++........              g - amulet of reflection
HPRegen 0.23/turn               s - +4 ring of protection
MPRegen 0.00/turn               y - ring of protection from fire

@: flying
A: sickness immunity, fire resistance 2, cold vulnerability 1, float, innate
caster, HP casting, extra vitality 1
a: Renounce Religion, Draw Escape, Draw Destruction, Draw Summoning


You were on level 11 of the Dungeon.
You worshipped Nemelex Xobeh.
Nemelex Xobeh was aware of your devotion.
You visited 2 branches of the dungeon, and saw 13 of its levels.
You also visited: Sewer.

You collected 416 gold pieces.

Inventory:

Hand Weapons
 b - a +0 dagger
 c - the +8 dagger "Xeasi" (weapon) {elec, *Corrode Will+ MP+9 Dex+3}
   (You found it on level 5 of the Dungeon)

   It occasionally discharges a powerful burst of electricity upon striking a
   foe.
   Dex:       It affects your dexterity (+3).
   MP:        It affects your magic capacity (+9).
   *Corrode:  It may corrode you when you take damage.
   Will:      It increases your willpower.
 d - a +3 dagger of protection
 C - a +6 halberd of freezing
Missiles
 k - 37 poisoned darts
 A - a throwing net
Armour
 a - a +0 robe
 m - a +0 cloak (worn)
 w - a +1 hat (worn)
 D - a +0 cloak
 I - +0 steam dragon scales (worn)
Jewellery
 g - an amulet of reflection (around neck)
 s - a +4 ring of protection (left hand)
 y - a ring of protection from fire (right hand)
 F - a ring of positive energy
 J - a +6 ring of strength
Wands
 i - a wand of polymorph (25)
 p - a wand of flame (31)
Scrolls
 o - 3 scrolls of fog
 r - 4 scrolls of identify
 u - 2 scrolls of enchant weapon
 x - a scroll of fear
 z - a scroll of magic mapping {unknown}
 B - a scroll of silence
 E - a scroll of enchant armour {unknown}
 G - a scroll of blinking
 K - a scroll of teleportation
Potions
 e - 3 potions of mutation
 f - 3 potions of haste
 h - a potion of heal wounds
 j - 3 potions of might {unknown}
 l - a potion of attraction {unknown}
 n - 2 potions of brilliance {unknown}
 q - a potion of degeneration {unknown}
 t - 4 potions of curing {unknown}
 v - a potion of magic {unknown}
 H - a potion of ambrosia {unknown}


   Skills:
 * Level 10.9 Fighting
 * Level 5.2 Dodging
 - Level 1.5 Stealth
 + Level 7.5 Spellcasting


You had one spell level left.
You knew the following spells:

 Your Spells              Type           Power      Damage    Failure   Level
a - Foxfire               Conj/Fire      100%       2x1d9     1%          1
b - Scorch                Fire           78%        2d8       1%          2
c - Conjure Flame         Conj/Fire      39%        6-21      1%          3
d - Inner Flame           Hex/Fire       39%        N/A       1%          3
e - Flame Wave            Conj/Fire      39%        2d9       3%          4
f - Apportation           Tloc           78%        N/A       1%          1
g - Ensorcelled Hibernat  Hex/Ice        78%        N/A       1%          2
h - Portal Projectile     Hex/Tloc       78%        N/A       1%          3
i - Summon Ice Beast      Ice/Summ       39%        N/A       3%          4
Your spell library was empty.

Dungeon Overview and Level Annotations

Branches:
Dungeon (12/15)            Temple (1/1) D:7            Lair (0/6) D:8
    Orc (0/2) D:9           Sewer (visited)

Altars:
Dithmenos
Elyvilon
Fedhas
Hepliaklqana
Kikubaaqudgha
Makhleb
Nemelex Xobeh
Qazlal
Ru
Sif Muna
Trog
Uskayaw
Vehumet
Wu Jian
Zin
The Shining One

Shops:
D:3 =   D:5 [

Annotations:
D:7 2 transporters
D:12 Nergalle


Innate Abilities, Weirdness & Mutations

You are immune to sickness and miasma.
You are immune to poison.
Your flesh is very heat resistant. (rF++)
You are vulnerable to cold. (rC-)
You float through the air rather than walking.
You learn spells naturally, not from books.
Your magical power is your life essence.
You have superior vitality. (+4 MHP)


Message History

Press: ? - help, Q - select action, (/) - cycle Dir - look around, f - activate Flames lash the gargoyle but do no damage.
* * * LOW HITPOINT WARNING * * *
The gargoyle is no longer more vulnerable to fire.
The gargoyle hurls a stone arrow at you.
The stone arrow misses you.
Casting: Scorch (safe; 1% risk of failure)
Press: ? - help, Q - select action, (/) - cycle Dir - look around, f - activate
Okay, then.
There is a stone staircase leading down here.
You fly downwards.
Found 12 gold pieces and a shortbow.
There is a stone staircase leading up here.
You start resting.
A cyclops comes into view.
The cyclops shouts!
The cyclops throws a large rock.
The large rock closely misses you.
Nergalle the Soulbinder comes into view.
She is wielding a +0 dagger.
The cyclops throws a large rock.
The large rock hits you!
* * * LOW HITPOINT WARNING * * *
Nergalle shouts!
Nergalle casts a spell at you.
Orcish apparitions take form around you.
Nergalle points at you and mumbles some strange words.
Orcish apparitions take form around you.
The spectral orc warrior misses you.
The spectral orc hits you but does no damage.
There is a stone staircase leading up here.
The cyclops closely misses you.
The spectral orc hits you but does no damage.
You block the spectral orc warrior's attack.
You fly upwards.
There is a stone staircase leading down here.
The cyclops throws a large rock.
The large rock hits you!!
* * * LOW HITPOINT WARNING * * *
Unknown command.
The cyclops throws a large rock.
The large rock barely misses you.
The cyclops throws a large rock.
The large rock hits you!
You die...
Your body disappears without a glow.

###.####
#.....##.#.###.##(
#.# #..... #.......#
#<# ###### ###††####
#[# ########.# #.#
#........# #.#
######........#
#.#####......####...#
#...9C....##.##.....#
#######.#..@....#..##
#.####.####..#
#............#
##############


You could see a cyclops and a gargoyle.

Vanquished Creatures
  Maggie (D:9)
  Grinder (D:4)
  A troll (D:11)
  2 yaks (D:11)
  Eustachio (D:4)
  An acid dragon (D:9)
  A water moccasin (D:5)
  An ice beast (D:7)
  A black bear (D:3)
  A necrophage (D:6)
  2 sky beasts
  3 ogres
  A centaur (D:8)
  2 kobold brigands (Sewer)
  5 bullfrogs
  A wyvern zombie (D:6)
  2 scorpions
  A water moccasin zombie (D:5)
  2 water moccasin skeletons
  8 killer bees
  7 wights
  3 howler monkeys
  A centaur zombie (D:6)
  A gnoll shaman (D:4)
  A hound (D:6)
  2 bullfrog skeletons
  A centaur skeleton (D:4)
  4 orc priests (D:8)
  2 jellies
  Ijyb (D:5)
  Natasha (thrice) (D:3)
  2 orc wizards
  A hound skeleton (D:5)
  9 gnolls
  2 howler monkey skeletons
  11 adders
  5 river rats
  A shadow imp (D:5)
  2 white imps
  4 worms
  5 dart slugs
  15 orcs
  An endoplasm (D:3)
  4 giant cockroaches
  6 goblins
  7 hobgoblins
  4 jackals (D:2)
  3 quokkas
  12 ball pythons
  3 bats
  5 frilled lizards
  21 kobolds
  22 rats
209 creatures vanquished.

Vanquished Creatures (others)
  15 foxfires (D:1)
15 creatures vanquished.

Grand Total: 224 creatures vanquished

Notes
Turn   | Place    | Note
-------+----------+-------------------------------------------
     0 | D:1      | nickcage the Djinni Fire Elementalist began the quest for
                  | the Orb.
     0 | D:1      | Reached XP level 1. HP: 15/15 MP: 0/0
   259 | D:1      | Reached XP level 2. HP: 10/22 MP: 0/0
  1002 | D:1      | Reached skill level 1 in Fighting
  1002 | D:1      | Reached XP level 3. HP: 24/27 MP: 0/0
  1002 | D:1      | Learned a level 1 spell: Apportation
  1595 | D:2      | Found a blossoming altar of Fedhas.
  1743 | D:2      | Reached skill level 2 in Fighting
  1979 | D:2      | Reached XP level 4. HP: 29/34 MP: 0/0
  2231 | D:2      | Found a faded altar of an unknown god.
  2560 | D:3      | Reached skill level 3 in Fighting
  2804 | D:3      | Found Igusotz's Jewellery Emporium.
  2874 | D:3      | Noticed a black bear
  2878 | D:3      | Noticed Natasha
  3174 | D:3      | Reached XP level 5. HP: 24/41 MP: 0/0
  3174 | D:3      | Learned a level 2 spell: Ensorcelled Hibernation
  3180 | D:2      | Reached skill level 4 in Fighting
  3447 | D:3      | Found a hazy altar of Hepliaklqana.
  3459 | D:3      | Killed Natasha
  3707 | D:3      | Noticed Natasha
  3718 | D:3      | Killed Natasha
  3719 | D:3      | Reached XP level 6. HP: 36/49 MP: 0/0
  3974 | D:3      | Noticed Natasha
  3977 | D:3      | Killed Natasha
  3978 | D:3      | Reached skill level 5 in Fighting
  3978 | D:3      | Killed a black bear
  4268 | D:4      | Noticed Eustachio
  4403 | D:4      | Reached XP level 7. HP: 34/55 MP: 0/0
  4403 | D:4      | Learned a level 3 spell: Portal Projectile
  4455 | D:5      | Entered Level 5 of the Dungeon
  4650 | D:4      | Reached skill level 6 in Fighting
  4710 | D:4      | Found a glowing drain.
  4716 | Sewer    | Entered a sewer
  5437 | Sewer    | Reached XP level 8. HP: 39/61 MP: 0/0
  6162 | D:4      | Reached skill level 5 in Spellcasting
  6540 | D:4      | Killed Eustachio
  6541 | D:4      | Reached skill level 7 in Fighting
  6675 | D:4      | Noticed Grinder
  6680 | D:4      | Killed Grinder
  6681 | D:4      | Reached skill level 8 in Fighting
  6847 | D:5      | Noticed Ijyb
  6854 | D:5      | Killed Ijyb
  6903 | D:5      | Found Egost's Antique Armour Emporium.
  7131 | D:5      | Reached XP level 9. HP: 65/71 MP: 0/0
  7131 | D:5      | Learned a level 4 spell: Summon Ice Beast
  7235 | D:5      | Found a glowing golden altar of the Shining One.
  7573 | D:5      | Reached skill level 9 in Fighting
  7600 | D:5      | HP: 1/72 [shadow imp/nerve-wracking pain (8)]
  7880 | D:5      | Identified the +8 dagger "Xeasi" {elec, *Corrode Will+ MP+9
                  | Dex+3}
  8126 | D:5      | Reached skill level 10 in Fighting
  9399 | D:7      | Noticed a deep elf pyromancer
  9399 | D:7      | Noticed a slime creature
  9399 | D:7      | Noticed a slime creature
  9399 | D:7      | Found a transporter.
  9482 | D:7      | Noticed a deep elf pyromancer
  9499 | D:7      | Noticed a death knight
  9500 | D:7      | Noticed a deep elf pyromancer
  9508 | D:7      | Found a transporter.
  9649 | D:7      | Reached XP level 10. HP: 72/81 MP: 0/0
  9809 | D:7      | Found a shadowy altar of Dithmenos.
  9992 | D:7      | Found a bloodstained altar of Trog.
 10022 | D:7      | Found a staircase to the Ecumenical Temple.
 10032 | Temple   | Entered the Ecumenical Temple
 10488 | Temple   | Became a worshipper of Nemelex Xobeh the Trickster
 10881 | D:8      | Found a hide-covered altar of Uskayaw.
 10984 | D:8      | Found a staircase to the Lair.
 11403 | D:9      | Noticed Maggie
 11508 | D:9      | Killed Maggie
 11660 | D:9      | Found a staircase to the Orcish Mines.
 11680 | D:9      | Reached * piety under Nemelex Xobeh
 11706 | D:9      | You are sucked into a shaft and drop 2 floors!
 11734 | D:11     | Noticed a gargoyle
 11760 | D:11     | Reached skill level 5 in Dodging
 11791 | D:10     | Entered Level 10 of the Dungeon
 11791 | D:10     | Found a stormy altar of Qazlal.
 11848 | D:12     | Noticed a cyclops
 11854 | D:12     | Noticed Nergalle
 11860 | D:11     | HP: 1/81 [cyclops/large rock (20)]
 11866 | D:11     | Hit by a large rock thrown by a cyclops

Illustrated notes

Levels and vault maps discovered:
D:1:      ebering_trefoil_twist, layout_basic, interstate_on_off
D:2:      layout_basic, basic_altar, hellmonk_ecumenical_altar_zigzags
D:3:      layout_basic, mainiacjoe_overflow_chevrons, serial_shops, shop_statue,
          serial_bayou_pond_e, uniq_natasha
D:4:      layout_basic, portal_sewer_entry_e, uniq_grinder, uniq_eustachio
D:5:      minmay_recursive_quarters, layout_basic, nicolae_tso_carved_into_rock,
          serial_shops, nicolae_shop_overgrown_old_shop,
          minmay_fractal_squares_diagonal_5, uniq_ijyb
D:6:      layout_loops_cross, feat_on_display
D:7:      layout_basic, mainiacjoe_overflow_alcove_2, lemuel_doored_altar,
          gammafunk_temple_overflow_arena, minmay_temple_entry_glass,
          eino_tiny_chamber
D:8:      layout_rooms, nicolae_uskayaw_dance_hall, dpeg_oklobed_lair
D:9:      layout_basic, mainiacjoe_overflow_catwalk,
          mainiacjoe_overflow_catch_the_wave, orc_0_dummy, st_stairs_11,
          nzn_random_ring, uniq_maggie
D:10:     layout_loops_corners, mainiacjoe_overflow_divided_tiny,
          cheibriados_altar_1, mainiacjoe_overflow_tiny_flanked,
          hangedman_stone_soup
D:11:     layout_loops_cross
D:12:     layout_cave_pods, uniq_nergalle, uniq_rupert
Temple:   jpeg_temple_island

Skill      XL: |  1  2  3  4  5  6  7  8  9 10 |
---------------+-------------------------------+-----
Fighting       | 1 2 3 4 5 6 8 10 | 10.9
Spellcasting   | 3 4 5 7 |  7.5
Dodging        | 4 5 |  5.2
Stealth        | |  1.5

Action                   |  1- 3 |  4- 6 |  7- 9 | 10-12 || total
-------------------------+-------+-------+-------+-------++-------
Melee: Dagger            |    23 |     5 |    25 |     2 ||    55
       Unarmed           |     2 |       |       |       ||     2
 Cast: Foxfire           |     8 |       |       |       ||     8
       Scorch            |    26 |    67 |   213 |    60 ||   366
       Conjure Flame     |       |     1 |     5 |       ||     6
       Flame Wave        |       |       |       |     3 ||     3
       Summon Ice Beast  |       |       |       |     1 ||     1
  Use: Scroll            |       |     2 |    11 |     1 ||    14
       Potion            |       |       |     1 |       ||     1
 Stab: Sleeping          |       |     2 |     2 |       ||     4
Armor: Robe              |     5 |     4 |    22 |       ||    31
       Steam dragon scal |       |       |       |     6 ||     6
Dodge: Dodged            |    20 |    20 |    60 |    36 ||   136
Block: Other             |       |     6 |    26 |    11 ||    43
       Reflection        |       |     2 |       |     2 ||     4
